Cogmind - Beta 16 @@@ ROGUE MODE // 2025.10.23 @ 09:48:32 Player: deadnoob Result: Destroyed by G-50 Soldier with Heavy Laser Performance ------------- Evolutions (4) 2000 Regions Visited (18) 3600 Robots Destroyed (173) 865 Value Destroyed (8211) 8211 Prototype IDs (239) 4780 Alien Tech Used (0) 0 Bonus (8798) 8798 TOTAL SCORE: 28254 Bonus ------- High Alert Combat Kills 649 Follower Combat Kills 2161 Entered Garrisons 400 Network Hubs Disabled 400 Met Data Miner 300 Used Data Conduit 3000 Acquired ECA 300 Built Enhanced Grunts 300 A7 Reached Mainframe 300 Met R17 at Cetus 500 Pursued by Intercept 500 Friendly Fire -12 Cogmind --------- Core Integrity 0/850 Matter 254/300 Energy 28/100 System Corruption 18% Temperature Cool (9) Movement Core (50) Location -6/Hub_04(d) Parts ------- > --- POWER (2) -------- (None) > --- PROPULSION (4) --- Medium Treads > --- UTILITY (7) ------ Improved Signal Interpreter Improved Targeting Computer Core Analyzer Improved Hacking Suite > --- WEAPON (2) ------- (None) > --- INVENTORY (5) ---- High-capacity Matter Pod (200) Experimental Sensor Array Advanced Particle Charger Advanced ECM Suite Neutron Cannon Peak State ------------ > --- POWER ------------ Reinforced Deuterium Engine Reinforced Deuterium Engine > --- PROPULSION ------- Enhanced Flexi-carbon Leg Enhanced Flexi-carbon Leg Enhanced Flexi-carbon Leg Myomer Leg > --- UTILITY ---------- High-capacity Storage Unit Experimental Sensor Array Improved Signal Interpreter Improved Targeting Computer Core Analyzer Layered Medium Armor Plating Centrium Medium Armor Plating > --- WEAPON ----------- Neutron Cannon Enhanced Autogun > --- INVENTORY -------- Improved Medium Treads Improved Medium Treads Advanced Heat Sink Improved Cooling System Huge Storage Unit High-capacity Matter Pod Encrypted Comm Array Advanced Particle Charger Advanced ECM Suite Centrium Medium Armor Plating Improved Hacking Suite Improved Hacking Suite Improved Hacking Suite Neutron Cannon Enhanced Autogun Enhanced Autogun Enhanced Autogun Enhanced Autogun Grenade Launcher Heavy Missile Launcher [Rating: 88] Favorites ----------- Power Reinforced Deuterium Engine Engine Reinforced Deuterium Engine Reactor Antimatter Reactor Propulsion Light Treads Treads Light Treads Leg Enhanced Flexi-carbon Leg Utility Improved Targeting Computer Device Improved Cooling System Storage Huge Storage Unit Processor Improved Targeting Computer Hackware Hacking Suite Protection Improved Medium Armor Plating Weapon Enhanced Autogun Energy Gun Medium Laser Energy Cannon Neutron Cannon Ballistic Gun Enhanced Autogun Ballistic Cannon Light Cannon Launcher Grenade Launcher Impact Weapon Heavy Hammer Slashing Weapon Phasing Sabre Build | -11 -10 -10 -10 -9 -8 -8 -7 -7 -7 -7 -7 -7 -6 -6 -6 -6 -6 -6 ------- Run | Yrd Mat Min Exi Min Mat Gar Fac Gar Fac Low Low Dat Pro Fac Ext Cet Arc Hub Slots Evolved 8 | . . . . . 4 . 2 . . . . . . 2 . . . . Power 1 | . . . . . . . . . . . . . . 1 . . . . Propulsion 2 | . . . . . 2 . . . . . . . . . . . . . Utility 5 | . . . . . 2 . 2 . . . . . . 1 . . . . Weapon . | . . . . . . . . . . . . . . . . . . . Parts Attached 128 | 1 16 1 . 5 21 2 3 5 11 7 7 13 3 4 14 1 3 11 Power 14 | . 2 . . . 3 . . . 1 1 . 2 . 1 4 . . . Engine 12 | . 2 . . . 3 . . . 1 1 . . . 1 4 . . . Core . | . . . . . . . . . . . . . . . . . . . Reactor 2 | . . . . . . . . . . . . 2 . . . . . . Propulsion 39 | . 2 . . 1 9 . . 3 3 2 5 5 . . 4 . . 5 Treads 24 | . 2 . . 1 9 . . 3 3 2 1 . . . 1 . . 2 Leg 15 | . . . . . . . . . . . 4 5 . . 3 . . 3 Wheel . | . . . . . . . . . . . . . . . . . . . Hover . | . . . . . . . . . . . . . . . . . . . Flight . | . . . . . . . . . . . . . . . . . . . Utility 46 | 1 5 1 . 2 3 . 3 2 5 4 . 5 2 3 3 1 2 4 Device 15 | 1 1 1 . . . . 3 1 1 2 . 2 2 1 . . . . Storage 5 | . 2 . . 1 . . . . . . . 1 . 1 . . . . Processor 4 | . 1 . . . 2 . . . . . . . . 1 . . . . Hackware 5 | . . . . . . . . . 2 . . . . . . . . 3 Protection 17 | . 1 . . 1 1 . . 1 2 2 . 2 . . 3 1 2 1 Artifact . | . . . . . . . . . . . . . . . . . . . Weapon 29 | . 7 . . 2 6 2 . . 2 . 2 1 1 . 3 . 1 2 Energy Gun 5 | . 4 . . 1 . . . . . . . . . . . . . . Energy Cannon 2 | . . . . . . 1 . . . . . . 1 . . . . . Ballistic Gun 14 | . . . . . 5 1 . . 1 . 1 1 . . 3 . . 2 Ballistic Cannon 1 | . 1 . . . . . . . . . . . . . . . . . Launcher 4 | . . . . 1 1 . . . 1 . 1 . . . . . . . Special Weapon . | . . . . . . . . . . . . . . . . . . . Impact Weapon 2 | . 2 . . . . . . . . . . . . . . . . . Slashing Weapon 1 | . . . . . . . . . . . . . . . . . 1 . Piercing Weapon . | . . . . . . . . . . . . . . . . . . . Special Melee Weapon . | . . . . . . . . . . . . . . . . . . . Unidentified Prototypes 3 | . . 1 . . 2 . . . . . . . . . . . . . Corrupted Parts 1 | . . . . . . . . . . . . . . . . . . 1 System Corruption 5 | . . . . . . . . . . . . . . . . . . 5 Parts Lost 61 | . 1 . . 1 9 . . 5 1 6 3 5 1 . 7 1 . 21 Power 6 | . . . . . 1 . . . . 1 . . . . 2 . . 2 Propulsion 27 | . . . . 1 5 . . 3 1 2 2 3 1 . . . . 9 Utility 18 | . . . . . 2 . . 2 . 3 . 2 . . 3 1 . 5 Weapon 10 | . 1 . . . 1 . . . . . 1 . . . 2 . . 5 Highest Loss Streak 18 | . 1 . . 1 3 . . 2 1 2 2 5 1 . 2 1 . 18 To Critical Strikes . | . . . . . . . . . . . . . . . . . . . Average Backups 19 | 6 9 15 14 21 23 24 23 23 24 22 21 22 19 19 19 19 19 19 Power . | 1 1 1 1 1 . . . . 1 . . . . . . . . . Propulsion 2 | 4 2 3 3 4 2 2 2 1 2 1 2 3 1 1 2 2 2 2 Utility 6 | . 2 4 4 7 6 7 7 7 6 7 7 6 6 5 6 6 9 9 Weapon 9 | 1 3 7 6 7 13 14 14 14 14 12 11 12 11 11 10 10 7 6 Tool/Special . | . . . . . . . . . . . . . . . . . . . Unused Backups 29 | . 11 . . 1 3 . 1 . 3 . . . . . 2 . 1 7 Power 5 | . 3 . . . . . . . 1 . . . . . 1 . . . Propulsion 6 | . 4 . . . 1 . . . . . . . . . 1 . . . Utility 11 | . 3 . . 1 1 . 1 . 1 . . . . . . . . 4 Weapon 6 | . 1 . . . 1 . . . 1 . . . . . . . 1 2 Tool/Special 1 | . . . . . . . . . . . . . . . . . . 1 Average Slot Usage (%) 99 | . 100 100 100 99 98 100 99 100 100 99 99 93 100 99 98 100 99 97 Engine 10 | . 14 14 14 14 8 9 7 7 7 7 7 4 . 6 11 13 13 12 Treads 15 | . 11 28 28 28 34 36 30 30 30 29 9 2 . . . . . . Leg 12 | . 16 . . . . . . . . . 20 27 30 26 26 26 26 23 Device 8 | . 12 14 14 9 2 . 15 15 8 6 7 8 11 14 6 10 6 4 Storage 8 | . 14 14 14 14 9 9 7 7 7 7 7 7 7 6 6 6 6 5 Processor 13 | . . . . . 15 18 15 15 15 15 15 15 15 18 20 20 20 20 Protection 8 | . 1 . . 4 8 9 6 7 6 13 15 13 10 6 11 8 12 8 Energy Gun 2 | . 16 14 14 3 . . . . . . . . . . . . . . Ballistic Gun 9 | . . . . . 16 10 15 12 14 15 14 7 14 7 12 12 12 11 Ballistic Cannon 1 | . 1 14 14 1 . . . . . . . . . . . . . . Impact Weapon 2 | . 10 . . 11 . 7 . . . . . . . . . . . . Peak Build Rating 88 | 7 11 19 12 14 31 35 42 43 44 47 60 71 75 83 84 80 83 88 Average Rating 46 | 6 9 11 11 13 28 29 39 40 40 42 50 55 68 81 74 75 80 79 On Entrance 41 | 6 7 11 11 12 14 31 32 39 43 43 42 54 68 68 80 73 76 81 Avg Prop Armor Cover (%) 10 | . . . . . . . . . . . 3 5 . . . . 10 14 Naked Turns . | . . . . . . . . . . . . . . . . . . . Heaviest Build 124 | 13 34 34 34 96 99 98 103 112 105 113 115 124 79 94 93 93 94 99 Greatest Support 109 | 20 40 40 40 40 80 80 80 80 80 80 82 104 104 104 109 109 109 109 Greatest Overweight (x) 30 | . 1 . . 2 1 1 1 1 1 1 2 2 . . . . 30 1 Average Overweight (x) 1 | . . . . 1 1 1 1 1 1 1 1 1 . . . . 14 . Largest Inventory Capacity 25 | 8 15 15 15 25 25 25 25 25 25 25 25 25 20 20 20 20 20 20 Average Capacity 20 | 8 10 15 15 24 25 25 25 25 25 25 25 24 20 20 20 20 20 19 Most Carried 25 | 6 15 15 15 22 25 25 25 25 25 25 23 25 20 20 20 20 20 20 Average Carried 19 | 6 9 15 14 21 23 24 23 23 24 22 21 23 19 19 19 19 19 19 Final Capacity 25 | 8 15 15 15 25 25 25 25 25 25 25 25 20 20 20 20 20 20 5 Final Carried 25 | 6 15 15 15 22 25 25 25 22 25 21 23 20 20 20 20 20 20 5 Class Distribution -------------------- 45% | Scavenger-Mutant 26% | Mutant 22% | Commander-Mutant 5% | Derelict-Mutant Dominant Class ---------------- Mutant | -10/Materials Mutant | -10/Mines Mutant | -10/Exiles Mutant | -9/Mines Scavenger-Mutant | -8/Materials Scavenger-Mutant | -8/Garrison Scavenger-Mutant | -7/Factory Scavenger-Mutant | -7/Garrison Scavenger-Mutant | -7/Factory Scavenger-Mutant | -7/Lower Caves Derelict-Mutant | -7/Lower Caves Derelict-Mutant | -7/Data Miner Scavenger-Mutant | -6/Proximity Caves Scavenger-Mutant | -6/Factory Commander-Mutant | -6/Extension Scavenger-Mutant | -6/Cetus Commander-Mutant | -6/Archives Scavenger-Mutant | -6/Hub_04(d) Resources | -11 -10 -10 -10 -9 -8 -8 -7 -7 -7 -7 -7 -7 -6 -6 -6 -6 -6 -6 ----------- Run | Yrd Mat Min Exi Min Mat Gar Fac Gar Fac Low Low Dat Pro Fac Ext Cet Arc Hub Matter Collected 6881 | 210 342 41 . 218 853 105 100 486 518 436 428 403 414 . 1224 277 164 662 Remotely . | . . . . . . . . . . . . . . . . . . . Salvage Created 7966 | 88 1084 41 . 223 1324 140 34 505 536 395 178 360 366 . 1588 118 346 640 Parts 389 | 4 47 6 . 12 69 4 1 20 35 23 13 12 17 . 73 4 24 25 Haulers Intercepted 8 | . 2 . . . 5 . . . . . . . . . . . . 1 Recyclers Shooed 5 | . 2 . . . 1 . . . . . . . . . 2 . . . Parts Field Recycled . | . . . . . . . . . . . . . . . . . . . Retrieved Matter . | . . . . . . . . . . . . . . . . . . . Parts Self-Destructed 47 | . . . . . . . . . . 22 10 . 15 . . . . . Prevented . | . . . . . . . . . . . . . . . . . . . Parts Restored . | . . . . . . . . . . . . . . . . . . . Kills | -11 -10 -10 -10 -9 -8 -8 -7 -7 -7 -7 -7 -7 -6 -6 -6 -6 -6 -6 ------- Run | Yrd Mat Min Exi Min Mat Gar Fac Gar Fac Low Low Dat Pro Fac Ext Cet Arc Hub Combat Hostiles Destroyed 139 | . 23 3 . 14 19 1 . 9 9 7 5 4 5 . 23 1 2 14 Melee 7 | . 5 . . 1 . 1 . . . . . . . . . . . . Guns 96 | . 12 3 . . 15 . . 9 9 7 2 4 4 . 22 1 2 6 Cannons 2 | . 1 . . . . . . . . . . . 1 . . . . . AOE 28 | . . . . 13 4 . . . . . 3 . . . 1 . . 7 Classes Destroyed 18 | 2 6 1 . 1 2 . . 1 1 2 . . . . . . . 2 Worker 2 | . . 1 . . 1 . . . . . . . . . . . . . Builder 4 | . 1 . . . 1 . . . . . . . . . 1 . . 1 Tunneler 4 | 1 1 . . 1 . . . . 1 . . . . . . . . . Hauler 8 | . 2 . . . 5 . . . . . . . . . . . . 1 Recycler 12 | 1 4 . . 2 3 . . . . . . . . . 2 . . . Operator 8 | . 1 . . . 1 . . . . . . . . . . . 6 . Watcher 6 | . 2 . . . 1 . 1 . . . . . . . 1 1 . . Swarmer 30 | . 12 3 . 3 4 . . . . . 3 . 3 . 2 . . . Grunt 55 | . 11 . . . 8 1 . 5 5 3 . . . . 14 . . 8 Brawler 2 | . . . . . . . . . . 2 . . . . . . . . Duelist 1 | . . . . . . . . 1 . . . . . . . . . . Protector 2 | . . . . . . . . . . . . . . . . . . 2 Sentry 21 | . . . . . 6 . . 3 3 . 1 . . . 4 . 2 2 Hunter 4 | . . . . . 1 . . . . . 1 . . . 2 . . . Programmer 3 | . . . . . . . . . 1 1 . . 1 . . . . . Heavy 1 | . . . . . . . . . . . . . . . . . . 1 Behemoth 2 | . . . . . . . . . . 1 . . 1 . . . . . Cetus Guard 1 | . . . . . . . . . . . . . . . . 1 . . Enhanced Grunt 4 | . . . . . . . . . . . . 4 . . . . . . Lightning 1 | . . . . . . . . . . . . . . . . . . 1 Decomposer 1 | . . . . . . . . . . . 1 . . . . . . . Packrat 2 | . . . . . . . . . . . . . 2 . . . . . Assembled 10 | . . . . 10 . . . . . . . . . . . . . . Savage 1 | . . . . . . . . . . . . . . . 1 . . . Best Kill Streak 10 | 2 3 3 . 6 5 1 1 4 4 4 3 2 3 . 4 1 2 10 Combat Bots Only 9 | . 3 3 . 6 4 1 . 4 4 4 3 2 3 . 4 1 2 9 Max Kills in Single Turn 5 | 1 2 1 . 3 5 1 1 1 2 1 2 1 1 . 1 1 1 3 Gunslinging 1 | . 1 . . . . . . . . . . . . . . . . . Exploded 4 | . . . . 3 4 . . . . . 2 . . . 1 . . 2 Melee 1 | . 1 . . 1 . 1 . . . . . . . . . . . . Uniques/NPCs Destroyed 1 | . . . . 1 . . . . . . . . . . . . . . YI-UF0 (-9/Mines) Combat | -11 -10 -10 -10 -9 -8 -8 -7 -7 -7 -7 -7 -7 -6 -6 -6 -6 -6 -6 -------- Run | Yrd Mat Min Exi Min Mat Gar Fac Gar Fac Low Low Dat Pro Fac Ext Cet Arc Hub Hostile Shots Fired 1161 | . 90 9 . 19 122 . . 179 97 90 48 22 40 . 174 16 4 251 Missed 318 | . 27 1 . 7 31 . . 50 29 17 17 . 10 . 55 7 . 67 Hits 843 | . 63 8 . 12 91 . . 129 68 73 31 22 30 . 119 9 4 184 Melee 5 | . . . . . . . . 3 . 2 . . . . . . . . Projectile 838 | . 63 8 . 12 91 . . 126 68 71 31 22 30 . 119 9 4 184 AOE 6 | . . . . 6 . . . . . . . . . . . . . . Critical Strikes 24 | . . . . . 4 . . 2 1 3 . . . . 2 . . 12 Part Disruptions 2 | . . . . . . . . . . . . 2 . . . . . . Damage Taken 12718 | . 623 64 . 315 1396 . . 950 536 1221 394 1030 326 . 1591 236 91 3945 Core 1613 | . 139 . . 69 137 . . 73 61 142 35 43 58 . 139 . . 717 Absorbed by Shields 706 | . . . . . . . . 360 45 . . . . . 253 48 . . Ignored by Resistances 6 | . . . . . . . . . 6 . . . . . . . . . Core Remaining (%) 58 | 100 . . . 16 . 75 . . . . . . 41 . . . . . Volleys Fired 627 | 3 52 4 . 17 85 13 1 55 34 34 22 46 26 20 111 25 8 71 Largest 2 | 2 2 2 . 2 2 1 2 2 2 2 2 2 2 2 2 2 2 2 Hottest 120 | 100 100 95 . 96 50 120 50 120 120 50 120 120 120 115 120 90 50 115 Shots Fired 1105 | 6 100 8 . 20 167 13 2 96 64 65 39 66 40 21 213 49 16 120 Gun 968 | 6 97 4 . 5 166 11 2 85 59 65 33 40 26 1 206 48 16 98 Cannon 111 | . 3 4 . 1 . 2 . 11 5 . 4 26 14 20 5 1 . 15 Launcher 26 | . . . . 14 1 . . . . . 2 . . . 2 . . 7 Special . | . . . . . . . . . . . . . . . . . . . Kinetic 864 | . 3 4 . 1 166 11 2 85 59 65 33 40 26 1 206 48 16 98 Thermal 209 | 6 93 4 . 3 . 2 . 11 5 . 4 26 14 20 5 1 . 15 Explosive 26 | . . . . 14 1 . . . . . 2 . . . 2 . . 7 Electromagnetic 6 | . 4 . . 2 . . . . . . . . . . . . . . Robot Hit Streak 37 | 2 13 2 . 7 12 12 14 27 9 12 7 36 37 . 21 10 5 17 Robot Miss Streak 5 | 1 5 2 . 2 3 . . 1 3 3 2 1 3 . 5 3 1 3 Penetration Max . | . . . . . . . . . . . . . . . . . . . Secondary Targets 12 | . 1 . . . 3 . . 1 . 1 . . . . 4 1 . 1 Max Gunslinging Chain 1 | . 1 . . . 1 . . 1 . 1 . . . . 1 1 . 1 Shots Hit Robots 767 | 3 90 3 . 9 122 14 2 71 38 52 25 38 14 . 145 37 21 83 Core Hits 417 | 3 29 4 . 24 47 6 2 23 22 20 12 23 13 . 76 23 8 82 Critical Kills 7 | . . . . . 1 . . . 1 . . 1 . . 4 . . . Critical Parts Destroyed 8 | . 3 . . . 1 . . 1 . 2 . . . . . . . 1 Critical Strikes 26 | . 12 . . 1 2 . . 1 1 2 . 1 . . 5 . . 1 Burn 9 | . 9 . . . . . . . . . . . . . . . . . Destroy 13 | . . . . . 2 . . 1 1 2 . 1 . . 5 . . 1 Blast 1 | . . . . 1 . . . . . . . . . . . . . . Smash 3 | . 3 . . . . . . . . . . . . . . . . . Melee Attacks 74 | . 44 . . 2 . 18 . . . . . . . . . . 10 . Impact 64 | . 44 . . 2 . 18 . . . . . . . . . . . . Slashing 10 | . . . . . . . . . . . . . . . . . 10 . Piercing . | . . . . . . . . . . . . . . . . . . . Sneak Attacks 15 | . 7 . . 1 . 1 . . . . . . . . . . 6 . Combat Hostiles 1 | . 1 . . . . . . . . . . . . . . . . . Follow-up Attacks 5 | . 5 . . . . . . . . . . . . . . . . . Damage Inflicted 19081 | 38 2075 87 . 931 2308 445 35 1274 676 925 540 755 680 4 2848 769 1179 3512 Guns 12437 | 38 825 69 . 50 2093 178 35 1236 676 925 338 627 265 . 2619 769 204 1490 Cannons 638 | . 40 . . 17 . . . 38 . . . 128 415 . . . . . Explosions 3381 | . . . . 751 215 . . . . . 202 . . . 197 . . 2016 Melee 2510 | . 1157 . . 111 . 267 . . . . . . . . . . 975 . Ramming 115 | . 53 18 . 2 . . . . . . . . . 4 32 . . 6 Kinetic 11512 | . 40 . . 17 2093 178 35 1236 676 925 338 627 265 . 2619 769 204 1490 Thermal 1546 | 38 777 69 . 81 . . . 38 . . . 128 415 . . . . . Explosive 3220 | . . . . 699 215 . . . . . 202 . . . 197 . . 1907 Electromagnetic 178 | . 48 . . 21 . . . . . . . . . . . . . 109 Impact 1535 | . 1157 . . 111 . 267 . . . . . . . . . . . . Slashing 975 | . . . . . . . . . . . . . . . . . 975 . Piercing . | . . . . . . . . . . . . . . . . . . . Highest Corruption 18 | . . . . . . . . . 1 10 10 10 10 . . . . 18 Average Corruption 7 | . . . . . . . . . 1 8 10 10 10 . . . . 4 Corruption Purged . | . . . . . . . . . . . . . . . . . . . Corruption Blocked . | . . . . . . . . . . . . . . . . . . . Effects 167 | . . . . . . . . . 7 40 56 16 23 . . . . 25 Message Errors 32 | . . . . . . . . . 1 6 11 3 5 . . . . 6 Matter Fused 37 | . . . . . . . . . 1 10 16 4 5 . . . . 1 Heat Flow Errors 18 | . . . . . . . . . 2 5 5 2 3 . . . . 1 Energy Discharges 21 | . . . . . . . . . . 6 10 2 2 . . . . 1 Parts Rejected 2 | . . . . . . . . . . . 1 . . . . . . 1 Parts Fused 2 | . . . . . . . . . 1 1 . . . . . . . . Data Loss (minor) 24 | . . . . . . . . . 1 3 5 4 3 . . . . 8 Data Loss (major) 9 | . . . . . . . . . . 2 2 1 3 . . . . 1 Misfires 8 | . . . . . . . . . 1 . 3 . 1 . . . . 3 Alerts 7 | . . . . . . . . . . 4 2 . 1 . . . . . Weapon Failures 7 | . . . . . . . . . . 3 1 . . . . . . 3 Overload Shots . | . . . . . . . . . . . . . . . . . . . Overflow Damage 871 | . 377 . . 34 10 104 . . . . . . . . . . 324 22 Projectiles . | . . . . . . . . . . . . . . . . . . . Explosions 66 | . . . . 34 10 . . . . . . . . . . . . 22 Melee 805 | . 377 . . . . 104 . . . . . . . . . . 324 . Knockbacks 7 | . 6 . . . . 1 . . . . . . . . . . . . Impact 6 | . 5 . . . . 1 . . . . . . . . . . . . Kinetic 1 | . 1 . . . . . . . . . . . . . . . . . Secondary . | . . . . . . . . . . . . . . . . . . . Self-Inflicted Damage 266 | . . . . 23 . . . . . . 13 . . . . . . 230 Shots 10 | . . . . 2 . . . . . . 1 . . . . . . 7 Rammed 12 | . 7 3 . 1 . . . . . . . . . . 1 . . . Targets Rammed 20 | . 9 4 . 1 . . . . . . . . . 1 4 . . 1 Kicked 5 | . . . . . . . . . . . . . . 1 3 . . 1 Crushed 3 | . 2 1 . . . . . . . . . . . . . . . . Highest Temperature 362 | 117 213 24 . 9 74 152 . 222 362 295 212 200 203 80 67 40 . 248 Average Temperature 61 | 59 65 13 . 6 23 41 . 57 72 77 72 49 71 26 15 16 . 87 Received Heat Transfer 3001 | . 186 . . . 450 . . 388 130 566 36 . 12 . 439 26 18 750 Effects 3 | . . . . . . . . . 1 . . . . . . . . 2 Shutdowns 1 | . . . . . . . . . 1 . . . . . . . . . Interference 2 | . . . . . . . . . . . . . . . . . . 2 Siege Activations . | . . . . . . . . . . . . . . . . . . . Martial Activations . | . . . . . . . . . . . . . . . . . . . Shielding Activations . | . . . . . . . . . . . . . . . . . . . Robots Disrupted . | . . . . . . . . . . . . . . . . . . . Combat Hostiles . | . . . . . . . . . . . . . . . . . . . Robots Corrupted 9 | . 7 . . . . 1 . . . . . . . . . . . 1 Combat Hostiles 6 | . 4 . . . . 1 . . . . . . . . . . . 1 Parts Fried 18 | . 12 . . . . 1 . . . . . . . . . 1 . 4 Impact Corruptions 19 | . 16 . . . . 3 . . . . . . . . . . . . Robots Melted 1 | . 1 . . . . . . . . . . . . . . . . . Combat Hostiles 1 | . 1 . . . . . . . . . . . . . . . . . Parts Melted 6 | . 6 . . . . . . . . . . . . . . . . . Heat Transferred 4426 | 111 2923 148 . 124 . . . 80 . . . 400 640 . . . . . Parts Sabotaged . | . . . . . . . . . . . . . . . . . . . Parts Stolen . | . . . . . . . . . . . . . . . . . . . Parts Stripped . | . . . . . . . . . . . . . . . . . . . Power Chain Reactions 1 | . . . . 1 . . . . . . . . . . . . . . Alert | -11 -10 -10 -10 -9 -8 -8 -7 -7 -7 -7 -7 -7 -6 -6 -6 -6 -6 -6 ------- Run | Yrd Mat Min Exi Min Mat Gar Fac Gar Fac Low Low Dat Pro Fac Ext Cet Arc Hub Maximum Alert Level 4 | . 1 . . . . 4 3 3 2 . . . . . 3 3 2 4 Low Security (%) 63 | 100 83 100 . 100 100 2 . . 60 . . . . 100 67 . 77 35 Level 1 15 | . 16 . . . . 33 . . 37 . . . . . 13 . 15 27 Level 2 13 | . . . . . . 20 82 99 2 . . . . . 8 99 7 12 Level 3 5 | . . . . . . 28 17 . . . . . . . 11 . . 22 Level 4 1 | . . . . . . 15 . . . . . . . . . . . 1 Level 5 . | . . . . . . . . . . . . . . . . . . . High Security . | . . . . . . . . . . . . . . . . . . . Max Security . | . . . . . . . . . . . . . . . . . . . Peak Influence 1387 | 10 285 103 . 102 158 1387 728 740 413 . . . . 6 944 707 440 1114 Initial 728 | . . 103 . . . 88 728 405 413 . . . . . . 526 262 . Average 223 | 6 131 26 . 11 74 667 650 528 161 . . . . . 185 605 97 384 Influence Increases 8569 | 10 881 75 . 171 561 1299 11 432 285 185 120 . 130 30 1667 341 288 2083 Destroy 0b10 Robot/C 3460 | . 460 60 . 60 380 20 . 180 180 140 100 . 100 . 780 160 80 760 Destroy 0b10 Robot/NC 305 | 10 55 5 . 15 60 15 5 . 5 . . . . . 45 10 35 45 Destroy Leader 658 | . 98 10 . 10 102 . 2 10 60 30 20 . 30 . 96 . . 190 Allied During Kill 1587 | . . . . 1 . 1 . . . . . . . . 595 147 115 728 Successful Hack 159 | . 39 . . 6 4 23 4 28 6 . . . . 2 14 . . 33 Select Force Hacks 60 | . 60 . . . . . . . . . . . . . . . . . Disable Machine 390 | . 15 . . 15 15 45 . . . . . . . 15 90 15 45 135 Anti-Garrison Action 1250 | . . . . . . 1150 . 100 . . . . . . . . . . Destroy Structure 385 | . 4 . . 64 . 45 . 69 4 . . . . 13 32 9 13 132 Partial Spotted 15 | . . . . . . . . . . . . . . . . . . 15 Lose Combat Pursuer 300 | . 150 . . . . . . 45 30 15 . . . . 15 . . 45 Influence Decreases 7501 | 10 614 342 . 171 425 48 819 224 1050 207 120 . 130 30 726 625 945 1015 Entered New Map 2238 | . . 164 . . . 48 659 174 374 9 . . . . . 415 395 . Time Decay 3910 | 10 604 178 . 171 335 . 160 . 516 185 120 . 122 30 464 140 530 345 Lost Part 463 | . 10 . . . 90 . . 50 10 13 . . 8 . 62 10 . 210 Lost Ally 440 | . . . . . . . . . . . . . . . 200 60 20 160 Purge Threat 450 | . . . . . . . . . 150 . . . . . . . . 300 Squads Dispatched 31 | . 5 . . . 5 . . . 6 . . . . . 4 . . 11 Investigation 5 | . 3 . . . . . . . . . . . . . 1 . . 1 Extermination 4 | . . . . . . . . . 3 . . . . . . . . 1 Reinforcement 17 | . 2 . . . 2 . . . 3 . . . . . 3 . . 7 Assault . | . . . . . . . . . . . . . . . . . . . Garrison 4 | . . . . . 3 . . . . . . . . . . . . 1 Intercept 1 | . . . . . . . . . . . . . . . . . . 1 Searches Triggered . | . . . . . . . . . . . . . . . . . . . Construction Impeded 1 | . . . . . . . . . . . . . . . 1 . . . Haulers Reinforced 3 | . . . . . . . . . 1 . . . . . . . . 2 Active Scanning Responses . | . . . . . . . . . . . . . . . . . . . Cargo Convoy Interrupts . | . . . . . . . . . . . . . . . . . . . Stealth | -11 -10 -10 -10 -9 -8 -8 -7 -7 -7 -7 -7 -7 -6 -6 -6 -6 -6 -6 --------- Run | Yrd Mat Min Exi Min Mat Gar Fac Gar Fac Low Low Dat Pro Fac Ext Cet Arc Hub Distress Signals 15 | . 1 . . . 4 . . . 2 . . . . . 5 1 . 2 Communications Jammed 3 | . . . . . . . . . 3 . . . . . . . . . Distress Signals 3 | . . . . . . . . . 3 . . . . . . . . . Times Spotted 254 | . 46 3 . 13 28 . 2 10 15 10 5 4 6 . 46 9 11 46 Peak Tracking Total 14 | . 5 3 . 5 5 . 1 4 4 4 3 3 3 . 4 5 2 14 Tactical Retreats 14 | . 6 . . . . . . 1 1 2 . . 1 . 1 . . 2 ECM-based Alert Blocks 5 | . . . . . . . . . . 4 . . 1 . . . . . Traps | -11 -10 -10 -10 -9 -8 -8 -7 -7 -7 -7 -7 -7 -6 -6 -6 -6 -6 -6 ------- Run | Yrd Mat Min Exi Min Mat Gar Fac Gar Fac Low Low Dat Pro Fac Ext Cet Arc Hub Traps Triggered 18 | . 1 . . . . 3 . 4 2 . . . . . 4 . . 4 Indirectly . | . . . . . . . . . . . . . . . . . . . Trap Hack Attempts . | . . . . . . . . . . . . . . . . . . . Triggered . | . . . . . . . . . . . . . . . . . . . Disarmed . | . . . . . . . . . . . . . . . . . . . Reprogrammed . | . . . . . . . . . . . . . . . . . . . Reused . | . . . . . . . . . . . . . . . . . . . Traps Extracted . | . . . . . . . . . . . . . . . . . . . Installed . | . . . . . . . . . . . . . . . . . . . Triggered . | . . . . . . . . . . . . . . . . . . . Objects Rigged 1 | . . . . . . . . . . . . . . . . . . 1 Exploded 1 | . . . . . . . . . . . . . . . . . . 1 Machines | -11 -10 -10 -10 -9 -8 -8 -7 -7 -7 -7 -7 -7 -6 -6 -6 -6 -6 -6 ---------- Run | Yrd Mat Min Exi Min Mat Gar Fac Gar Fac Low Low Dat Pro Fac Ext Cet Arc Hub Machines Disabled 37 | . 1 . . 1 1 10 . 4 . . . . . 1 6 1 3 9 Max in Single Turn 5 | . 1 . . 1 1 1 . 2 . . . . . 1 1 1 1 5 Garrison Access 1 | . . . . . . . . . 1 . . . . . . . . . Garrison Relay 7 | . . . . . . 6 . 1 . . . . . . . . . . Phase Generator 2 | . . . . . . 1 . 1 . . . . . . . . . . Network Hub 2 | . . . . . . . . . . . . . . . . . . 2 Machines Repaired . | . . . . . . . . . . . . . . . . . . . Machines Dismantled . | . . . . . . . . . . . . . . . . . . . Machines Sabotaged . | . . . . . . . . . . . . . . . . . . . Overloaded Fab Kills . | . . . . . . . . . . . . . . . . . . . Hacking | -11 -10 -10 -10 -9 -8 -8 -7 -7 -7 -7 -7 -7 -6 -6 -6 -6 -6 -6 --------- Run | Yrd Mat Min Exi Min Mat Gar Fac Gar Fac Low Low Dat Pro Fac Ext Cet Arc Hub Machines Accessed 50 | . 8 . 2 2 2 3 2 2 3 . 1 4 . 5 9 1 . 6 Terminals 33 | . 6 . . 2 1 3 . 2 2 . . . . 3 8 1 . 5 Fabricators 2 | . . . . . . . 1 . . . . . . 1 . . . . Repair Stations 1 | . . . . . . . . . . . . . . . 1 . . . Recycling Units 2 | . 2 . . . . . . . . . . . . . . . . . Scanalyzers 1 | . . . . . . . . . . . . . . 1 . . . . Garrison Access 4 | . . . . . 1 . 1 . 1 . . . . . . . . 1 Total Hacks 134 | . 21 . 2 8 2 4 3 3 9 . 1 30 . 8 25 2 . 16 Successful 69 | . 9 . 2 1 1 2 1 2 3 . 1 30 . 3 6 . . 8 Failed 63 | . 11 . . 6 1 2 2 1 6 . . . . 5 19 2 . 8 Catastrophic 15 | . 2 . . 1 1 1 1 . 1 . . . . 1 6 . . 1 Database Lockouts 2 | . 1 . . 1 . . . . . . . . . . . . . . Manual 56 | . 13 . 1 8 . 1 . . 4 . . . . 2 15 1 . 11 Terminals 83 | . 19 . . 8 1 4 . 3 6 . . . . 4 21 2 . 15 Fabricators 2 | . . . . . . . 1 . . . . . . 1 . . . . Repair Stations 4 | . . . . . . . . . . . . . . . 4 . . . Recycling Units 2 | . 2 . . . . . . . . . . . . . . . . . Scanalyzers 3 | . . . . . . . . . . . . . . 3 . . . . Garrison Access 7 | . . . . . 1 . 2 . 3 . . . . . . . . 1 Terminal Hacks 53 | . 7 . 2 1 . 2 . 2 2 . 1 30 . 1 2 . . 3 Record 12 | . . . 1 . . . . . . . . 11 . . . . . . Part Schematic 10 | . . . . . . . . . . . . 10 . . . . . . Robot Schematic 6 | . . . . . . . . . . . . 6 . . . . . . Robot Analysis 4 | . 3 . . 1 . . . . . . . . . . . . . . Prototype ID Bank 4 | . 1 . . . . . . . . . . 3 . . . . . . Open Door 5 | . . . . . . 1 . . . . 1 . . 1 2 . . . Branch Access Points 1 | . . . . . . . . . 1 . . . . . . . . . Emergency Access Points 1 | . . . . . . . . 1 . . . . . . . . . . Alert Level 1 | . . . . . . . . . . . . . . . . . . 1 Unreport Threat 3 | . . . . . . . . . 1 . . . . . . . . 2 Locate Traps 1 | . 1 . . . . . . . . . . . . . . . . . Registered Components 1 | . 1 . . . . . . . . . . . . . . . . . Zone Layout 1 | . 1 . . . . . . . . . . . . . . . . . Patrol Navigation 1 | . . . . . . . . 1 . . . . . . . . . . Security Stations 1 | . . . . . . 1 . . . . . . . . . . . . Proto ID Catalog 1 | . . . 1 . . . . . . . . . . . . . . . Fabricator Hacks . | . . . . . . . . . . . . . . . . . . . Repair Station Hacks 1 | . . . . . . . . . . . . . . . 1 . . . Scan Component 1 | . . . . . . . . . . . . . . . 1 . . . Recycling Unit Hacks . | . . . . . . . . . . . . . . . . . . . Scanalyzer 2 | . . . . . . . . . . . . . . 2 . . . . Insert Component 1 | . . . . . . . . . . . . . . 1 . . . . Analyze 1 | . . . . . . . . . . . . . . 1 . . . . Garrison Access Hacks 4 | . . . . . 1 . 1 . 1 . . . . . . . . 1 Unlock Access 3 | . . . . . 1 . 1 . . . . . . . . . . 1 Seal Access 1 | . . . . . . . . . 1 . . . . . . . . . Unauthorized Hacks 9 | . 2 . . . . . . . . . . . . . 3 . . 4 Terminals 7 | . . . . . . . . . . . . . . . 3 . . 4 Botnet 2 | . . . . . . . . . . . . . . . . . . 2 Detonate 2 | . . . . . . . . . . . . . . . . . . 2 Skim 3 | . . . . . . . . . . . . . . . 3 . . . Fabricators . | . . . . . . . . . . . . . . . . . . . Repair Stations . | . . . . . . . . . . . . . . . . . . . Recycling Units 2 | . 2 . . . . . . . . . . . . . . . . . Tunnel 2 | . 2 . . . . . . . . . . . . . . . . . Scanalyzers . | . . . . . . . . . . . . . . . . . . . Garrison Access . | . . . . . . . . . . . . . . . . . . . Data Cores Recovered . | . . . . . . . . . . . . . . . . . . . Used . | . . . . . . . . . . . . . . . . . . . Hacking Detections 39 | . 6 . . 2 2 2 1 2 3 . . . . 5 8 2 . 6 Full Trace Events 3 | . . . . 1 . . . . . . . . . . 1 . . 1 Feedback Events . | . . . . . . . . . . . . . . . . . . . Feedback Blocked . | . . . . . . . . . . . . . . . . . . . Robot Schematics Acquired 6 | . . . . . . . . . . . . 6 . . . . . . Robots Built . | . . . . . . . . . . . . . . . . . . . Authchips . | . . . . . . . . . . . . . . . . . . . Time . | . . . . . . . . . . . . . . . . . . . Total Robot Build Rating . | . . . . . . . . . . . . . . . . . . . Part Schematics Acquired 11 | . . . . . . . . . . . . 10 . 1 . . . . Parts Built . | . . . . . . . . . . . . . . . . . . . Authchips . | . . . . . . . . . . . . . . . . . . . Time . | . . . . . . . . . . . . . . . . . . . Total Part Build Rating . | . . . . . . . . . . . . . . . . . . . Part Studies Acquired . | . . . . . . . . . . . . . . . . . . . Parts Repaired . | . . . . . . . . . . . . . . . . . . . Time . | . . . . . . . . . . . . . . . . . . . Parts Recycled . | . . . . . . . . . . . . . . . . . . . Recycled Matter . | . . . . . . . . . . . . . . . . . . . Retrieved Matter . | . . . . . . . . . . . . . . . . . . . Retrieved Components . | . . . . . . . . . . . . . . . . . . . Parts Scanalyzed 1 | . . . . . . . . . . . . . . 1 . . . . Part Schematics Acquired 1 | . . . . . . . . . . . . . . 1 . . . . Parts Damaged 1 | . . . . . . . . . . . . . . 1 . . . . Bothacking | -11 -10 -10 -10 -9 -8 -8 -7 -7 -7 -7 -7 -7 -6 -6 -6 -6 -6 -6 ------------ Run | Yrd Mat Min Exi Min Mat Gar Fac Gar Fac Low Low Dat Pro Fac Ext Cet Arc Hub Used RIF Installer . | . . . . . . . . . . . . . . . . . . . Robots Hacked . | . . . . . . . . . . . . . . . . . . . Non-combat . | . . . . . . . . . . . . . . . . . . . Combat . | . . . . . . . . . . . . . . . . . . . Robot Hacks Applied . | . . . . . . . . . . . . . . . . . . . Relay Couplers Released 30 | . . . . . . 25 . 5 . . . . . . . . . . Machine Destruction 30 | . . . . . . 25 . 5 . . . . . . . . . . Fabnet Peak Effective % . | . . . . . . . . . . . . . . . . . . . Robots Rewired 23 | . . . 4 . . 1 . . . . . . . . 18 . . . Allies Hacked . | . . . . . . . . . . . . . . . . . . . Hacks Repelled . | . . . . . . . . . . . . . . . . . . . Allies | -11 -10 -10 -10 -9 -8 -8 -7 -7 -7 -7 -7 -7 -6 -6 -6 -6 -6 -6 -------- Run | Yrd Mat Min Exi Min Mat Gar Fac Gar Fac Low Low Dat Pro Fac Ext Cet Arc Hub Total Allies 37 | . . . 4 . . 2 . . . . . . . . 26 5 . . Largest Group 19 | . . . 4 4 . 2 1 . . . . . . . 19 12 12 10 Highest-Rated Group 826 | . . . 45 45 . 199 21 . . . . . . . 543 826 826 561 Highest-Rated Ally 178 | . . . 21 21 . 178 21 . . . . . . . 159 159 159 96 Initial Warlord ECA Mod 12 | . . . . . . . 10 10 12 12 12 12 11 11 11 11 11 11 Total Orders 8 | . . . . . . . . . . . . . . . . . . 8 STAY 7 | . . . . . . . . . . . . . . . . . . 7 FOLLOW 1 | . . . . . . . . . . . . . . . . . . 1 Ally Attacks 365 | . . . . 1 . . 2 . . . . . . . 137 90 28 107 Total Damage 9151 | . . . . 12 . . 51 . . . . . . . 2865 1632 888 3703 Kills 65 | . . . . . . . . . . . . . . . 22 8 3 32 Allies Corrupted . | . . . . . . . . . . . . . . . . . . . Allies Melted . | . . . . . . . . . . . . . . . . . . . Intel | -11 -10 -10 -10 -9 -8 -8 -7 -7 -7 -7 -7 -7 -6 -6 -6 -6 -6 -6 ------- Run | Yrd Mat Min Exi Min Mat Gar Fac Gar Fac Low Low Dat Pro Fac Ext Cet Arc Hub Active Infowar (turns) 5389 | 10 1155 59 . . . . 333 800 1550 246 104 . 44 474 244 10 . 360 Sensors 1299 | . . 1 . . . . . . . 106 104 . . 474 244 10 . 360 Seismic 1223 | 10 1155 58 . . . . . . . . . . . . . . . . Jamming 2717 | . . . . . . . 333 800 1550 34 . . . . . . . . ECM 164 | . . . . . . . 14 . . 106 . . 44 . . . . . Robot Analysis Total 154 | . 3 . . 1 . . . . . . . 150 . . . . . . Derelict Logs Recovered 8 | . . 2 . 2 . . . . . 1 1 . 2 . . . . . Drone Launches . | . . . . . . . . . . . . . . . . . . . Drone Recoveries . | . . . . . . . . . . . . . . . . . . . Exploration | -11 -10 -10 -10 -9 -8 -8 -7 -7 -7 -7 -7 -7 -6 -6 -6 -6 -6 -6 ------------- Run | Yrd Mat Min Exi Min Mat Gar Fac Gar Fac Low Low Dat Pro Fac Ext Cet Arc Hub Turns Passed 20972 | 24 2229 676 862 1425 854 1807 334 800 1550 1053 1541 454 631 485 1829 299 3228 891 Spaces Moved 8196 | 12 1016 406 503 439 247 712 132 270 557 387 667 141 426 338 895 144 397 507 Core 207 | . . . . . . . . . . . . . . . . . 186 21 Treads 4311 | . 474 406 503 439 247 712 132 270 557 387 184 . . . . . . . Legs 3678 | 12 542 . . . . . . . . . 483 141 426 338 895 144 211 486 Wheels . | . . . . . . . . . . . . . . . . . . . Hover . | . . . . . . . . . . . . . . . . . . . Flight . | . . . . . . . . . . . . . . . . . . . Fastest Speed 50 | 120 120 160 160 160 240 240 240 240 240 240 210 125 125 125 120 120 120 50 Average Speed 216 | 120 160 160 160 310 240 240 240 240 240 240 217 207 125 125 120 120 789 123 Slowest Speed 1550 | 120 190 160 160 320 240 240 240 240 240 240 280 280 125 125 125 120 1550 190 Overloaded Moves . | . . . . . . . . . . . . . . . . . . . Propulsion Burnouts . | . . . . . . . . . . . . . . . . . . . Robots Hopped . | . . . . . . . . . . . . . . . . . . . Potential Cave-ins 5 | . . . . . . . . . 3 . . . . 2 . . . . Cave-ins Triggered . | . . . . . . . . . . . . . . . . . . . Exploration Rate (%) 56 | 2 99 57 89 82 20 95 6 35 16 47 72 80 62 7 95 66 83 62 Regions Visited 18 Branch Regions 11 Pre-discovered Areas 28 | . 2 . 1 . . . . . . 1 . 24 . . . . . . Known Exits Taken 9 | . 1 . . . 1 . 1 . 1 . . . 1 1 1 1 1 . Unknown Exits Taken 7 | 1 . 1 1 1 . . . . . 1 1 1 . . . . . . Scrap Searched 6 | . . . . 2 . . . . . . 1 . 3 . . . . . Spaces Dug 60 | . 4 . . 16 . 2 . . 1 . 2 . 3 11 9 . . 12 Terrain Destroyed 527 | . 4 . . 107 . 70 . 72 5 . 27 . 6 19 29 . . 188 Melee 6 | . 4 . . . . 2 . . . . . . . . . . . . Projectile 52 | . . . . . . . . 2 5 . 4 . 6 19 . . . 16 AOE 469 | . . . . 107 . 68 . 70 . . 23 . . . 29 . . 172 Terrain Rammed . | . . . . . . . . . . . . . . . . . . . Walls Destroyed . | . . . . . . . . . . . . . . . . . . . Machines Disabled . | . . . . . . . . . . . . . . . . . . . Actions | -11 -10 -10 -10 -9 -8 -8 -7 -7 -7 -7 -7 -7 -6 -6 -6 -6 -6 -6 --------- Run | Yrd Mat Min Exi Min Mat Gar Fac Gar Fac Low Low Dat Pro Fac Ext Cet Arc Hub Total 10539 | 15 1451 422 561 476 414 771 147 357 737 466 722 252 489 374 1501 238 466 680 Wait 831 | . 276 4 . . 11 . 6 11 95 30 10 24 24 . 200 57 27 56 Move 8181 | 11 1016 405 502 438 247 711 132 269 556 386 666 140 425 337 894 143 396 507 Hop . | . . . . . . . . . . . . . . . . . . . Pick Up 117 | . 20 1 1 9 25 2 3 2 16 1 4 9 1 3 7 2 6 5 Fast Attach 31 | 1 2 1 . 1 5 . . . . 2 3 1 . 1 8 . 1 5 Attach 71 | . 4 . . 1 14 1 2 5 4 5 2 10 1 2 3 1 4 12 Detach 13 | . 3 . . . 3 . . . . . 1 3 . 1 . . 1 1 Swap 159 | . 20 1 . 5 7 3 2 7 13 8 14 10 12 6 21 8 5 17 Drop 93 | . 16 2 1 2 17 2 1 . 15 . . 9 . 3 10 2 8 5 Fire 627 | 3 52 4 . 17 85 13 1 55 34 34 22 46 26 20 111 25 8 71 Melee 64 | . 34 . . 2 . 18 . . . . . . . . . . 10 . Ram . | . . . . . . . . . . . . . . . . . . . Kick 5 | . . . . . . . . . . . . . . 1 3 . . 1 Crush 14 | . 8 4 . 1 . . . . . . . . . . 1 . . . Escape Stasis 16 | . . . . . . . . 8 4 . . . . . 4 . . . Rewire 317 | . . . 57 . . 21 . . . . . . . . 239 . . . Trap . | . . . . . . . . . . . . . . . . . . . Miscellaneous . | . . . . . . . . . . . . . . . . . . . Route ------- -11/Scrapyard -10/Materials (discovered 6 exits: [*Mat x3] / *Min x2 / [*Sub]) -10/Mines (discovered 2 exits: [*Mat] / *Exi) -10/Exiles (discovered 2 exits: *Min x2) -9/Mines (discovered 2 exits: *Mat x2) -8/Materials (discovered 3 exits: Fac x2 / Gar) -8/Garrison (discovered 3 exits: *Fac x3) -7/Factory -7/Garrison -7/Factory (discovered 4 exits: Sto x2 / *Low x2) -7/Lower Caves -7/Lower Caves (discovered 2 exits: *Fac / *Dat) -7/Data Miner -6/Proximity Caves -6/Factory -6/Extension (discovered 2 exits: *Fac / *Cet) -6/Cetus (discovered 2 exits: *Fac / *Arc) -6/Archives (discovered 3 exits: *Fac / *Hub x2) -6/Hub_04(d) (discovered 3 exits: *Fac x2 / Gar) History --------- Turn | Location | Event 11 | -11/Scrapyard | Discovered new exit (range 3) 25 | -11/Scrapyard | Entered Materials 302 | -10/Materials | Build established: Mutant 375 | -10/Materials | Discovered new exit (range 15) 665 | -10/Materials | Discovered new exit (range 4) 704 | -10/Materials | Discovered new exit (range 8) 789 | -10/Materials | Identified exit to Mines 1116 | -10/Materials | Discovered new exit (range 10) 1387 | -10/Materials | Discovered new exit (range 7) 1411 | -10/Materials | Central database locked down 1938 | -10/Materials | Core integrity fell below 50% 1989 | -10/Materials | Discovered new exit (range 15) 2254 | -10/Materials | Entered Mines 2309 | -10/Mines | Found a damaged Exp. Sensor Array with a note attached 2313 | -10/Mines | Found Prototype Device 2313 | -10/Mines | Identified Exp. Sensor Array 2333 | -10/Mines | Received a Rocket Launcher from a helpful Derelict 2377 | -10/Mines | Discovered new exit (range 5) 2506 | -10/Mines | Learned Materials terminal intel 2607 | -10/Mines | Deemed a non-threat by the Exiles lab entrance 2609 | -10/Mines | Discovered new exit (range 5) 2669 | -10/Mines | Learned location of 1 exit from Materials 2930 | -10/Mines | Entered Exiles 2930 | -10/Exiles | Found Exiles lab destroyed 2951 | -10/Exiles | Discovered new exit (range 15) 3070 | -10/Exiles | Learned location of Zion (-6) 3149 | -10/Exiles | Opened EX-Vault 3157 | -10/Exiles | Found Gui. Plasma Cannon 3775 | -10/Exiles | Discovered new exit (range 14) 3792 | -10/Exiles | Entered Mines 3792 | -9/Mines | Accompanied by 4 allies 3808 | -9/Mines | Learned 2 Materials zone layouts 3832 | -9/Mines | Joined a pair of Derelicts in attacking an 0b10 outpost 3965 | -9/Mines | Destroyed YI-UF0 3989 | -9/Mines | Lost 5 allies 3995 | -9/Mines | Assembled infested the area 4421 | -9/Mines | Core integrity fell below 20% 4800 | -9/Mines | Discovered new exit (range 14) 4838 | -9/Mines | Central database locked down 5066 | -9/Mines | Learned location of 1 exit from Materials 5066 | -9/Mines | Discovered new exit (range 7) 5217 | -9/Mines | Entered Materials 5217 | -8/Materials | Evolved 4 slots: Propulsion x2, Utility x2 5218 | -8/Materials | Identified exit to Factory 5220 | -8/Materials | Loaded intel: 12 terminal locations 5327 | -8/Materials | Garrison activated, responded to threat 5385 | -8/Materials | Lost 3 parts (2n1u) 5842 | -8/Materials | Lost 3 parts (1n1u1w) 6071 | -8/Materials | Identified exit to Garrison 6071 | -8/Materials | Entered Garrison 6071 | -8/Garrison | Discovered recently destroyed garrison 6104 | -8/Garrison | Build established: Scavenger-Mutant 6286 | -8/Garrison | Garrison Relay disabled 6308 | -8/Garrison | Learned Factory security intel 6484 | -8/Garrison | Discovered exit to Factory (range 10) 6661 | -8/Garrison | Phase Generator disabled 6766 | -8/Garrison | Garrison Relay disabled 7063 | -8/Garrison | Rescued AZ-K3N 7088 | -8/Garrison | Garrison Relay disabled 7187 | -8/Garrison | Discovered exit to Factory (range 11) 7476 | -8/Garrison | Garrison Relay disabled 7486 | -8/Garrison | Discovered exit to Factory (range 16) 7598 | -8/Garrison | Garrison Relay disabled 7620 | -8/Garrison | Garrison Relay disabled 7878 | -8/Garrison | Entered Factory 7878 | -7/Factory | Accompanied by 1 ally 7878 | -7/Factory | Evolved 2 slots: Utility x2 8212 | -7/Factory | Identified exit to Garrison 8212 | -7/Factory | Entered Garrison 8344 | -7/Garrison | Triggered checkpoint 8464 | -7/Garrison | Triggered checkpoint 8535 | -7/Garrison | Triggered checkpoint 8642 | -7/Garrison | Discovered new exit (range 12) 8796 | -7/Garrison | Triggered checkpoint 8835 | -7/Garrison | Garrison Relay disabled 9012 | -7/Garrison | Phase Generator disabled 9012 | -7/Garrison | Entered Factory 9627 | -7/Factory | Identified exit to Storage 9627 | -7/Factory | Identified exit to Lower Caves 10562 | -7/Factory | Entered Lower Caves 10750 | -7/Lower Caves | Met a Warlord Commander 10751 | -7/Lower Caves | Learned location of Warlord (-4) 10752 | -7/Lower Caves | Warlord Commander delivered Encrypted Comm Array 10754 | -7/Lower Caves | Found Encrypted Comm Array 10984 | -7/Lower Caves | System corruption reached 10% 11028 | -7/Lower Caves | Spotted B-75 Beast 11324 | -7/Lower Caves | Destroyed B-75 Beast 11340 | -7/Lower Caves | Learned location of 1 exit from Proximity Caves 11582 | -7/Lower Caves | Discovered new exit (range 9) 11615 | -7/Lower Caves | Entered another Lower Caves area 11702 | -7/Lower Caves | Discovered new exit (range 14) 11905 | -7/Lower Caves | Spotted B-75 Beast 12061 | -7/Lower Caves | Learned Factory non-interactive machine intel 12440 | -7/Lower Caves | Build established: Derelict-Mutant 12702 | -7/Lower Caves | Attracted the attention of an 0b10 checkpoint 13139 | -7/Lower Caves | Discovered new exit (range 9) 13156 | -7/Lower Caves | Entered Data Miner 13158 | -7/Data Miner | Discovered new exit (range 7) 13197 | -7/Data Miner | Met Data Miner 13246 | -7/Data Miner | Acquired the access code to Warlord's prototype stash 13246 | -7/Data Miner | Learned location of Section 7 (-2) 13269 | -7/Data Miner | Received God Mode back door access code from Data Miner 13289 | -7/Data Miner | Interfaced with the Data Conduit 13372 | -7/Data Miner | Core integrity fell below 50% 13436 | -7/Data Miner | Lost 5 parts (3n2u) 13610 | -7/Data Miner | Entered Proximity Caves 13611 | -6/Proximity Caves | Identified exit to Factory 13818 | -6/Proximity Caves | Build established: Scavenger-Mutant 13861 | -6/Proximity Caves | Learned Factory emergency access door positions 13966 | -6/Proximity Caves | Spotted B-75 Beast 14091 | -6/Proximity Caves | Destroyed B-75 Beast 14108 | -6/Proximity Caves | Learned Factory trap positions 14241 | -6/Proximity Caves | Entered Factory 14241 | -6/Factory | Evolved 2 slots: Power x1, Utility x1 14242 | -6/Factory | Loaded intel: 112 trap records 14244 | -6/Factory | Loaded intel: 287 machine locations 14245 | -6/Factory | Loaded intel: 231 non-interactive machine locations 14661 | -6/Factory | Discovered new exit (range 6) 14724 | -6/Factory | Identified exit to Extension 14726 | -6/Factory | Entered Extension 14727 | -6/Extension | Loaded intel: 33 machine locations 15368 | -6/Extension | Rescued a captive Derelict 15371 | -6/Extension | Rescued a captive Derelict 15445 | -6/Extension | Rescued a captive Derelict 15447 | -6/Extension | Rescued a captive Derelict 15461 | -6/Extension | Rescued a captive Derelict 15463 | -6/Extension | Rescued a captive Derelict 15721 | -6/Extension | Build established: Commander-Mutant 15854 | -6/Extension | Spotted B-75 Beast 15859 | -6/Extension | Gui. Plasma Cannon suddenly broke down 15866 | -6/Extension | Spotted B-75 Beast 15868 | -6/Extension | Allies destroyed B-75 Beast 15880 | -6/Extension | Allies destroyed B-75 Beast 15915 | -6/Extension | Lost 6 allies 15991 | -6/Extension | Lost 3 allies 16033 | -6/Extension | Discovered new exit (range 16) 16035 | -6/Extension | Discovered new exit (range 14) 16101 | -6/Extension | Disrupted transfer network 16176 | -6/Extension | Rescued A7 16218 | -6/Extension | Rescued a captive Derelict 16529 | -6/Extension | Disrupted transfer network 16541 | -6/Extension | Identified exit to Cetus 16555 | -6/Extension | Entered Cetus 16555 | -6/Cetus | Accompanied by 10 allies (A7) 16556 | -6/Cetus | Loaded intel: 24 machine locations 16560 | -6/Cetus | Acquired a Cetus Manufacturing Module code from A7 16580 | -6/Cetus | Spotted Cetus Guard 16584 | -6/Cetus | Spotted Cetus Guard 16587 | -6/Cetus | Spotted Cetus Guard 16588 | -6/Cetus | Spotted Cetus Guard 16596 | -6/Cetus | Allies destroyed Cetus Guard 16597 | -6/Cetus | Allies destroyed Cetus Guard 16602 | -6/Cetus | Allies destroyed Cetus Guard 16612 | -6/Cetus | Allies destroyed Cetus Guard 16634 | -6/Cetus | Lost 3 allies 16659 | -6/Cetus | Started Cetus Manufacturing Module 16675 | -6/Cetus | Escorted A7 to Cetus Mainframe 16684 | -6/Cetus | Manufactured an Enhanced Grunt 16691 | -6/Cetus | Discovered new exit (range 15) 16709 | -6/Cetus | Manufactured an Enhanced Grunt 16721 | -6/Cetus | Spotted Cetus Guard 16721 | -6/Cetus | Spotted Cetus Guard 16723 | -6/Cetus | Spotted Cetus Guard 16725 | -6/Cetus | Allies destroyed Cetus Guard 16726 | -6/Cetus | Spotted Cetus Guard 16731 | -6/Cetus | Destroyed Cetus Guard 16734 | -6/Cetus | Manufactured an Enhanced Grunt 16737 | -6/Cetus | Allies destroyed Cetus Guard 16745 | -6/Cetus | Allies destroyed Cetus Guard 16751 | -6/Cetus | Discovered new exit (range 16) 16759 | -6/Cetus | Manufactured an Enhanced Grunt 16759 | -6/Cetus | Met Revision 17 16784 | -6/Cetus | Manufactured an Enhanced Grunt 16799 | -6/Cetus | Identified exit to Archives 16854 | -6/Cetus | Entered Archives 16854 | -6/Archives | Accompanied by 12 allies (A7) 16855 | -6/Archives | Loaded intel: 8 machine locations 16861 | -6/Archives | Received a hacking code to weaken MAIN.C 16922 | -6/Archives | Discovered new exit (range 16) 16954 | -6/Archives | Discovered new exit (range 15) 17030 | -6/Archives | Discovered new exit (range 15) 17113 | -6/Archives | Identified exit to Hub_04(d) 20082 | -6/Archives | Entered Hub_04(d) 20082 | -6/Hub_04(d) | Accompanied by 10 allies 20083 | -6/Hub_04(d) | Loaded intel: 77 machine locations 20256 | -6/Hub_04(d) | Garrison activated, responded to threat 20276 | -6/Hub_04(d) | Identified exit to Garrison 20574 | -6/Hub_04(d) | Build established: Scavenger-Mutant 20589 | -6/Hub_04(d) | Discovered new exit (range 4) 20601 | -6/Hub_04(d) | Identified exit to Factory 20702 | -6/Hub_04(d) | Discovered exit to Factory (range 12) 20871 | -6/Hub_04(d) | Network Hub disabled 20904 | -6/Hub_04(d) | Spotted Lightning 20906 | -6/Hub_04(d) | Spotted Lightning 20926 | -6/Hub_04(d) | Core integrity fell below 50% 20926 | -6/Hub_04(d) | Spotted Lightning 20947 | -6/Hub_04(d) | System corruption reached 10% 20947 | -6/Hub_04(d) | Network Hub disabled 20953 | -6/Hub_04(d) | Destroyed Lightning 20965 | -6/Hub_04(d) | Core integrity fell below 20% 20969 | -6/Hub_04(d) | Intercept squad dispatched 20970 | -6/Hub_04(d) | Spotted Tracker 20973 | -6/Hub_04(d) | Destroyed by G-50 Soldier with Heavy Laser Last Messages --------------- 20961_ Control Node disabled. 20961_ Acquired Imp. Hacking Suite. 20962_ Penetrated by Slug. 20962_ Imp. Medium Treads destroyed. 20962_ G-50 Soldier destroyed. 20962_ Penetrated by Slug. 20962_ Enh. Autogun destroyed. 20964_ Penetrated by EMDS Slug. 20965_ The unstable cave ceiling collapses. 20965_ Penetrated by Slug. 20967_ Acquired 47 matter. 20968_ The unstable cave ceiling collapses. 20968_ Penetrated by Slug. 20968_ Imp. Hacking Suite destroyed. 20969_ ALERT: Reliable intel has pinpointed LRC-V3, intercept squad en route. 20970_ Acquired Corrupted Med. Treads. 20970_ Integrated Corrupted Med. Treads (+5). 20973_ Slug penetrates Wall. 20973_ Penetrated by Slug. Map ----- +----------------------------------------------------+ | ??????""""" ######!=!%#] #???## "T[ | | ?????? """ #????##%*## #????# | | ????? " #?????#!%## #????# ## | | ????? #?????#*=## #????###+###? | | ???? #?????#%=## #???????????? | | ???############????##[!###############???????????? | | ???????????????????# *%##### #???????????????? | | ???????????????????# !% #???????????????? | | ???????????????????# < T #???????????????? | | ???????????????????# ##### #???????????????? | | ???????????????????######???## ##???????????????? | | ?????????????????????????????# #????????????????? | | ?????????????????????????????# #????????????????? | | ?????????????????????????????# #????????????????? | | ?????????????????????????????# #????????????????? | | ????????????????????????????## #????????????????? | | ????????????????????# ????? # #?????????????#### | | ????????????????????# ? # #?????""" #??? | | ????????????????????# """" # ## #??? | | ????????????????????# """" # / """?????? | | ????????????????????# """" # ### #???? | | ????????????????????# """" # #??? """ #???? | | ????????????????????# # #???? ????? | | ????????????????????? ! # #????? """ #???? | | ??????????????????????? ?# #?????? ??????? | | ???????????????????????##@#### ####+##+#########+# | | ???????????????????????# | | ???????????????????????# = | | ???????????????????????# === | | ???????????????????????###!=%=!#################+# | | ???????????????????????# === #??????# | | ???????????????????????# %[%" """ #??????# | | ???????????????????????# = = #??????+ | | ???????????????????????# = "T"" #??????# | | ??????????????????????## ! g! """" #??????# | | ?????????????##########!=]][h #??????# ] | | ??????????? T !!!!!! ]! #############?# | | ????????"""?? " " " "%%!! !] #?# | | ????????"T????" " " "!== #! ### | | ????????"""?? " " " "!! # ##"####/ | | ??????????# = # ##??# | | ??????????? " " " " "###### | | ????????????"?" " " " ] ^ # / | | ????????????"?" " " # # ######## | | ??????????????? # #! #??????? | | ??????????????? / " # #??????? | | ????????????? ?+ # #??????? | | ???????????? ?# !#####+#########+#??????? | | ?????????????####+####?#=%#???? #????????????????? | | ??????????????????????? !??????#????????????????? | +----------------------------------------------------+ Best States ------------- Heat Dissipation 83 Energy Generation 32 Energy Capacity 515 Matter Stores 431 Matter Capacity 500 Sight Range 16 Robot Scan Range 20 Terrain Scan Density 10 ECM Strength 2 Jamming Range 12 Armor Coverage 450 Resistance: EM 15 Evasion (%) 55 Targeting Accuracy 6 Core Analysis 6 Recoil Reduction 4 Particle Charging 25 Offensive Hacking 20 Item Schematics ----------------- Combat Drone Bay | -7/Data Miner | Free Lgt. Regenerative Plating | -7/Data Miner | Free Biomechanical Wings | -7/Data Miner | Free Force Rifle | -7/Data Miner | Free Arm. Medium Treads | -7/Data Miner | Free Imp. Weapon Cycler | -7/Data Miner | Free Gravity Neutralizer | -7/Data Miner | Free Imp. Remote Datajack | -7/Data Miner | Free Imp. Plasma Cutter | -7/Data Miner | Free Adv. Hardlight Generator | -7/Data Miner | Free Enh. Autogun | -6/Factory | Scanalyzed Robot Schematics ------------------ W-25 Informer | -7/Data Miner | Free H-55 Commando | -7/Data Miner | Free R-10 Processor | -7/Data Miner | Free X-72 Disruptor | -7/Data Miner | Free G-50 Soldier | -7/Data Miner | Free B-48 Gladiator | -7/Data Miner | Free Fabricated ------------ Nothing Repaired ---------- Nothing Studied --------- None Alien Tech Used ----------------- None Achievements -------------- Into The Breach Luggage Code Physics Hates This One Trick Thread The Needle Around The Corner Throw Away The Key Challenges ------------ None Game ------ Seed MultitargetingControlLeg Manual? 0 Play Time 01:55:02 Cumulative 390.2 hours Start 2025.10.23 @ 07:53:13 End 2025.10.23 @ 09:48:32 Sessions 1 Manual Loads 0 Difficulty Rogue Special Mode None Game No. 430 Rogue 430 Adventurer 0 Explorer 0 Win Type - Total 12 Types 9/0/2/1/0/0/0/0/0/0 Lore% 80 Gallery% 80 Achievement% 48 Wizard Run 0 Options --------- Layout 0 ASCII 0 Keyboard 1 Movement Numpad Keybinds 0 Fullscreen 2 Font 18/X11 Map View 76x50 Zoom Use 0% Tactical HUD 1 Map Filters NONE Filters NONE Steam 1 RUN: 773a26b3-3fcf-4a00-9c66-2ade827d7d9c